 Dungeon Crawl Stone Soup version 0.28.0-53-g5a82cb258f (webtiles) character file.

Game seed: 3821045169128788466

703 Zeld the Skirmisher (level 7, -6/96 HPs)
             Began as a Minotaur Berserker on May 22, 2022.
             Was a Priest of Trog.
             Killed by divine providence
             ... invoked by an orc priest
              (14 damage)
             ... on level 7 of the Dungeon.
             The game lasted 00:02:40 (3788 turns).

Zeld the Skirmisher (Minotaur Berserker)            Turns: 3788, Time: 00:02:41

Health: -6/96      AC:  3    Str: 23    XL:     7   Next: 39%
Magic:  6/6        EV: 13    Int:  4    God:    Trog [***...]
Gold:   139        SH:  5    Dex: 10    Spells: 6/6 levels left

rFire   . . .      SeeInvis .   a - +0 hand axe
rCold   . . .      Faith    .   (no shield)
rNeg    . . .      Spirit   .   b - +0 animal skin
rPois   .          Reflect  +   (helmet restricted)
rElec   .          Harm     .   (no cloak)
rCorr   .          Rampage  .   (no gloves)
Will    ++...                   u - +0 pair of boots
Stlth   ..........              h - amulet of reflection
HPRegen 1.26/turn               (no ring)
MPRegen 0.10/turn               (no ring)

@: berserking (expiring), strong-willed (expiring), regenerating (expiring),
very quick
A: horns 2, retaliatory headbutt
a: Renounce Religion, Berserk, Trog's Hand


You were on level 7 of the Dungeon.
You worshipped Trog.
Trog was most pleased with you.
You visited 1 branch of the dungeon, and saw 5 of its levels.
You also visited: Sewer.

You collected 195 gold pieces.
You spent 56 gold pieces at shops.

Inventory:

Hand Weapons
 a - a +0 hand axe (weapon)
Armour
 b - a +0 animal skin (worn)
 u - a +0 pair of boots (worn)
Jewellery
 h - an amulet of reflection (around neck)
Wands
 n - a wand of polymorph (6)
Scrolls
 f - 4 scrolls of fog {unknown}
 i - 7 scrolls of identify {unknown}
 j - a scroll of enchant weapon {unknown}
 k - a scroll of blinking {unknown}
 l - a scroll of enchant armour {unknown}
 q - 4 scrolls of teleportation {unknown}
 v - a scroll of fear {unknown}
Potions
 c - 3 potions of lignification {unknown}
 d - 3 potions of invisibility {unknown}
 e - 2 potions of flight {unknown}
 g - a potion of degeneration {unknown}
 m - a potion of mutation {unknown}
 o - a potion of resistance {unknown}
 p - a potion of curing {unknown}
 r - a potion of berserk rage {unknown}
 s - a potion of cancellation {unknown}
 t - a potion of attraction {unknown}


   Skills:
 * Level 6.7 Fighting
 * Level 6.6 Axes
 + Level 4.5 Armour
 + Level 4.2 Dodging


You had 6 spell levels left.
You didn't know any spells.
Your spell library was empty.

Dungeon Overview and Level Annotations

Branches:
Dungeon (4/15)              Sewer (visited)
 Temple: D:4-7

Altars:

Shops:
D:1 ((*:


Innate Abilities, Weirdness & Mutations

You have a pair of horns on your head.
You reflexively headbutt those who attack you in melee.


Message History

The orc priest invokes the aid of Beogh against you.
Beogh smites you!
* * * LOW HITPOINT WARNING * * *
The orc warrior hits you from afar with a +0 halberd!
* * * LOW HITPOINT WARNING * * *
The orc priest barely misses you.
You hit the orc priest.
You kill the orc priest!
Trog accepts your kill.
You feel the effects of Trog's Hand fading.
You block the orc warrior's attack.
You see here a +0 flail.
You slash the orc warrior! Your headbutt misses the orc warrior.
The orc warrior is moderately wounded.
The orc warrior hits you with a +0 halberd!
* * * LOW HITPOINT WARNING * * *
You hit the orc warrior.
The orc warrior is moderately wounded.
You hit the orc warrior. Your headbutt misses the orc warrior.
The orc warrior is heavily wounded.
The orc warrior barely misses you.
You hit the orc warrior.
The orc warrior is severely wounded.
You block the orc warrior's attack.
You hit the orc warrior but do no damage.
The orc warrior is severely wounded.
You hit the orc warrior.
You kill the orc warrior!
Trog accepts your kill.
You barely miss the orc. The orc closely misses you. You furiously retaliate!
You headbutt the orc!
You kill the orc!
Trog accepts your kill. The orc barely misses you.
Items here: )) [ ††.
You completely miss the orc. You headbutt the orc, but do no damage.
You barely miss the orc priest.
The orc priest calls down the wrath of Beogh upon you.
Beogh smites you!
You die...

..####### ..# #.#
..# #.# .## #.#
### .# .[. ..# .#
#.#:.. .#####
#.#.#.# .....###
#oo...# .......#
#@#
####.#.#########)#
#.#...........#
#.###########.#
#.# #.# #.# #.#
#.# #.# #.. #.#
#.#


You could see an orc priest and an orc.

Vanquished Creatures
  Grinder (D:3)
  An orc warrior (D:7)
  A gnoll sergeant (D:7)
  A scorpion (D:4)
  2 orc priests
  An iguana (D:4)
  Ijyb (D:3)
  A howler monkey zombie (D:3)
  4 gnolls (D:7)
  3 adders
  2 river rats (Sewer)
  3 worms (D:4)
  2 dart slugs
  9 orcs
  2 endoplasms
  7 giant cockroaches
  6 hobgoblins
  6 jackals
  3 quokkas
  5 ball pythons
  3 bats
  5 frilled lizards
  5 goblins
  A kobold (D:2)
  11 rats
86 creatures vanquished.

Vanquished Creatures (others)
  A ball python (D:3)
  A hobgoblin (D:3)
  17 plants (D:4)
19 creatures vanquished.

Grand Total: 105 creatures vanquished

Notes
Turn   | Place    | Note
-------+----------+-------------------------------------------
     0 | D:1      | Zeld the Minotaur Berserker began the quest for the Orb.
     0 | D:1      | Reached XP level 1. HP: 19/19 MP: 0/0
   225 | D:1      | Found Unichur's Assorted Antiques.
   249 | D:1      | Reached XP level 2. HP: 25/27 MP: 1/1
   489 | D:1      | Found Waties's Book Emporium.
   489 | D:1      | Found Qaequsib's Antique Weapon Emporium.
   640 | D:1      | Found Liopux's Weapon Shop.
   843 | D:1      | Bought a scroll labelled XAIGUL KEFY for 28 gold pieces
   983 | D:2      | Found a faded altar of an unknown god.
   990 | D:2      | Reached ** piety under Trog
   991 | D:2      | Reached XP level 3. HP: 31/33 MP: 2/2
  1415 | D:1      | Bought a scroll labelled XAIGUL KEFY for 28 gold pieces
  1545 | D:3      | Noticed Grinder
  1556 | D:3      | Killed Grinder
  1557 | D:3      | Reached skill level 5 in Fighting
  1557 | D:3      | Reached skill level 5 in Axes
  1557 | D:3      | Reached XP level 4. HP: 34/42 MP: 3/3
  1557 | D:3      | Reached XP level 5. HP: 39/48 MP: 4/4
  1731 | D:3      | Noticed Ijyb
  1742 | D:3      | Killed Ijyb
  1743 | D:3      | Reached XP level 6. HP: 56/56 MP: 5/5
  2601 | D:4      | Found a glowing drain.
  2621 | Sewer    | Entered a sewer
  2857 | Sewer    | Reached *** piety under Trog
  3503 | D:4      | You fall into a shaft and drop 3 floors!
  3527 | D:7      | Reached XP level 7. HP: 59/64 MP: 6/6
  3780 | D:7      | HP: 2/96 [orc warrior/+0 halberd (7)]
  3788 | D:7      | Killed from afar by an orc priest

Illustrated notes

Levels and vault maps discovered:
D:1:      wheals_arrival_shading, layout_basic, serial_shops,
          nicolae_shop_hallway_plus, shop, shop, nicolae_shop_stone,
          hangedman_abyss_or_decor_stabs, minmay_liquid_box, hex_medium
D:2:      layout_loops_cross, hellmonk_ecumenical_altar_blasted,
          hangedman_decor_clover_reticule, minmay_fountain_box
D:3:      layout_loops_ring, minmay_strange_pillars, lemuel_old_faithful,
          uniq_grinder, uniq_ijyb
D:4:      wad_woods_pond, layout_basic, elyvilon_altar_3, serial_shops,
          nicolae_shop_crystal, cheibrodos_sewer_entry_bend, serial_forest,
          infiniplex_forest_lined_corner, infiniplex_forest_straight_4,
          infiniplex_forest_clump_small, infiniplex_forest_straight_4,
          infiniplex_forest_lined_3
D:7:      layout_loops_ring, nicolae_yredelemnul_ghost_church

Skill      XL: |  1  2  3  4  5  6 |
---------------+-------------------+-----
Fighting       | 4 5 6 |  6.7
Axes           | 4 5 6 |  6.6
Armour         | 3 4 |  4.5
Dodging        | 3 4 |  4.2

Action                   |  1- 3 |  4- 6 |  7- 9 || total
-------------------------+-------+-------+-------++-------
Melee: Hand axe          |    72 |   129 |    23 ||   224
       Headbutt          |    14 |    21 |     4 ||    39
       Punch             |     1 |     2 |       ||     3
       Unarmed           |       |     7 |       ||     7
Invok: Berserk           |     1 |     2 |     1 ||     4
       Trog's Hand       |       |       |     1 ||     1
 Stab: Sleeping          |       |     4 |       ||     4
Armor: Animal skin       |    15 |     9 |       ||    24
       Skin              |       |     1 |       ||     1
Dodge: Dodged            |    44 |    73 |    11 ||   128
Block: Other             |     7 |    24 |     9 ||    40
